 Dungeon Crawl Stone Soup version 0.30-a0-778-g2ef04afb54 (webtiles) character file.

Game seed: 6273756210514922908

928 Newt the Skirmisher (level 8, -1/49 HPs)
             Began as a Kobold Hunter on Feb 15, 2023.
             Was an Initiate of Hepliaklqana.
             Slain by a gnoll sergeant
             ... wielding a +0 trident
              (7 damage)
             ... on level 5 of the Dungeon.
             The game lasted 00:05:29 (5634 turns).

Newt the Skirmisher (Kobold Hunter)                 Turns: 5634, Time: 00:05:29

Health: -1/49      AC:  6    Str:  8    XL:     8   Next: 32%
Magic:  8/8        EV: 17    Int: 11    God:    Hepliaklqana [......]
Gold:   267        SH:  0    Dex: 20    Spells: 7/7 levels left

rFire   . . .      SeeInvis .    a - +1 shortbow
rCold   . . .      Faith    .    (shield currently unavailable)
rNeg    . . .      Spirit   .    c - +0 leather armour
rPois   .          Reflect  .    (no helmet)
rElec   .          Harm     .    i - +2 cloak
rCorr   .          Rampage  .    (no gloves)
Will    .....                    (no boots)
Stlth   +++                      h - amulet of the acrobat
HPRegen 0.28/turn                p - ring of wizardry
MPRegen 0.11/turn                k - ring of flight

@: flying, hasted, very quick
A: small, no large weapons, nightstalker 3
a: Renounce Religion


You were on level 5 of the Dungeon.
You worshipped Hepliaklqana.
Hepliaklqana was noncommittal.
You visited 2 branches of the dungeon, and saw 6 of its levels.

You collected 267 gold pieces.

Inventory:

Hand Weapons
 a - a +1 shortbow (weapon)
Armour
 c - a +0 leather armour (worn)
 i - a +2 cloak (worn)
Jewellery
 h - an amulet of the acrobat (around neck)
 k - a ring of flight (right hand)
 p - a ring of wizardry (left hand)
Wands
 j - a wand of mindburst (13)
Scrolls
 b - a scroll of immolation
 e - 2 scrolls of teleportation
 f - a scroll of enchant armour
 q - a scroll of fear
 r - a scroll of silence
 s - 2 scrolls of torment
Potions
 d - a potion of flight
 l - a potion of cancellation
 m - a potion of degeneration {unknown}
 n - a potion of haste
 o - 3 potions of mutation {unknown}
 t - a potion of berserk rage {unknown}


   Skills:
 + Level 5.1 Fighting
 - Level 10.0 Ranged Weapons
 - Level 6.0 Dodging
 - Level 1.3 Stealth


You had 7 spell levels left.
You didn't know any spells.
Your spell library contained the following spells:

 Spells                   Type           Power      Damage    Failure   Level
 Blink                    Tloc           0%         N/A       30%         2
 Lesser Beckoning         Tloc           0%         N/A       30%         2
 Momentum Strike          Conj/Tloc      0%         3d8       30%         2
 Ignite Poison            Fire/Tmut/Pois 0%         N/A       50%         3
 Kindle Blastsparks       Fire/Tloc/Air  0%         2d10      50%         3
 Freezing Cloud           Conj/Ice/Air   0%         6-21      99%         5


Dungeon Overview and Level Annotations

Branches:
Dungeon (5/15)             Temple (1/1) D:5

Altars:
Ashenzari
Cheibriados
Dithmenos
Elyvilon
Fedhas
Gozag
Hepliaklqana
Kikubaaqudgha
Makhleb
Nemelex Xobeh
Okawaru
Qazlal
Ru
Sif Muna
Uskayaw
Vehumet
Wu Jian
Xom
Yredelemnul
Zin


Innate Abilities, Weirdness & Mutations

You are small and have problems with some larger weapons.
You are completely attuned to the shadows.


Message History

The gnoll sergeant barely misses you.
You feel much better.
The gnoll hits you from afar with a +0 spear.
The gnoll sergeant hits you from afar with a +0 trident!
You feel yourself speed up. The gnoll misses you.
The gnoll sergeant hits you from afar with a +0 trident!
Fire: a) +1 shortbow
Press: ? - help, Shift-Dir - straight line, f/p - gnoll sergeant
Aim: a gnoll sergeant, wielding a +0 trident and wearing a +0 scale mail (severely wounded, 75% to hit)
You shoot an arrow. The arrow hits the gnoll sergeant.
The gnoll sergeant is severely wounded.
You hear an angry hiss.
The gnoll hits you from afar with a +0 spear.
* * * LOW HITPOINT WARNING * * *
The gnoll sergeant completely misses you.
Fire: a) +1 shortbow
Press: ? - help, Shift-Dir - straight line, f/p - gnoll sergeant
Aim: a gnoll sergeant, wielding a +0 trident and wearing a +0 scale mail (severely wounded, 75% to hit)
You shoot an arrow.
The arrow closely misses the gnoll sergeant.
The arrow hits the gnoll.
The gnoll is heavily wounded.
Fire: a) +1 shortbow
Press: ? - help, Shift-Dir - straight line, f/p - gnoll sergeant
Aim: a gnoll sergeant, wielding a +0 trident and wearing a +0 scale mail (severely wounded, 75% to hit)
You shoot an arrow.
The arrow barely misses the gnoll sergeant.
The arrow hits the gnoll!
You kill the gnoll!
The gnoll hits you with a +0 spear.
* * * LOW HITPOINT WARNING * * *
The gnoll hits you from afar with a +0 spear.
* * * LOW HITPOINT WARNING * * *
The gnoll sergeant drinks a potion.
The gnoll sergeant is healed!
Aiming: Mindburst
Press: ? - help, Shift-Dir - straight line, f/p - gnoll sergeant
Aim: a gnoll sergeant, wielding a +0 trident and wearing a +0 scale mail (moderately wounded, chance to affect: 64%)
The gnoll sergeant struggles to resist.
The gnoll misses you.
The gnoll sergeant hits you from afar with a +0 trident!
You die...

#################
....##.........(# ...
....##..........# ###...
....##..........# #.....
................###...##
................@.g)...#
...............g###....#
...............g.>.....#
############.###..#..g.#
.......................#
##########.#.#....#..
...........#..# .
######.....#..###
................ ..


You could see a gnoll sergeant and 2 gnolls.

Vanquished Creatures
  An ogre (D:4)
  A black bear (D:5)
  A phantom (D:5)
  4 scorpions (D:5)
  An orc priest (D:3)
  A jelly (D:4)
  A hound (D:5)
  Crazy Yiuf (D:2)
  An iguana (D:4)
  5 orc wizards
  2 gnolls (D:5)
  2 adders
  An ufetubus (D:4)
  A dart slug (D:3)
  19 orcs
  2 bats (D:2)
  8 endoplasms
  3 giant cockroaches
  8 goblins
  5 hobgoblins
  7 jackals
  6 quokkas
  6 ball pythons
  6 frilled lizards
  7 kobolds
  3 rats
103 creatures vanquished.

Vanquished Creatures (others)
  An orc wizard (D:3)
1 creature vanquished.

Grand Total: 104 creatures vanquished

Notes
Turn   | Place    | Note
-------+----------+-------------------------------------------
     0 | D:1      | Newt the Kobold Hunter began the quest for the Orb.
     0 | D:1      | Reached XP level 1. HP: 12/12 MP: 1/1
   155 | D:1      | Reached XP level 2. HP: 6/18 MP: 2/2
   874 | D:1      | Reached XP level 3. HP: 23/23 MP: 3/3
  1400 | D:2      | Found a runed translucent door.
  1403 | D:2      | Noticed Crazy Yiuf
  1590 | D:2      | Reached XP level 4. HP: 30/30 MP: 4/4
  1881 | D:2      | Killed Crazy Yiuf
  1882 | D:2      | Reached skill level 5 in Fighting
  2395 | D:3      | Reached XP level 5. HP: 30/35 MP: 5/5
  2396 | D:3      | Reached skill level 6 in Ranged Weapons
  2723 | D:3      | HP: 1/35 [orc priest/divine providence (11)]
  2728 | D:3      | Reached skill level 7 in Ranged Weapons
  2728 | D:3      | Reached XP level 6. HP: 26/40 MP: 6/6
  3370 | D:4      | Reached skill level 8 in Ranged Weapons
  3664 | D:4      | Noticed an ogre
  3678 | D:4      | Killed an ogre
  3679 | D:4      | Reached XP level 7. HP: 29/44 MP: 7/7
  4198 | D:4      | Reached skill level 9 in Ranged Weapons
  4308 | D:5      | Entered Level 5 of the Dungeon
  4385 | D:5      | Reached skill level 10 in Ranged Weapons
  4697 | D:5      | Found a staircase to the Ecumenical Temple.
  4709 | Temple   | Entered the Ecumenical Temple
  4919 | Temple   | Became a worshipper of Hepliaklqana the Forgotten
  5001 | D:5      | Reached XP level 8. HP: 36/49 MP: 8/8
  5118 | D:5      | Reached skill level 5 in Dodging
  5634 | D:5      | Slain by a gnoll sergeant

Illustrated notes

Levels and vault maps discovered:
D:1:      amcnicky_arrival_double_pillar, layout_loops_corners
D:2:      layout_loops_ring, kennysheep_generic_room_4, uniq_crazy_yiuf_cottage
D:3:      layout_rooms, nicolae_concentric_dashed_squares_mild
D:4:      layout_loops_ring, serial_rivers, chequers_serial_rivers_large_a,
          chequers_serial_rivers_room_b, chequers_serial_rivers_micro_e,
          chequers_serial_rivers_micro_e, chequers_serial_rivers_small_b
D:5:      nicolae_cairo_tiling_very_big, layout_basic, minmay_temple_entry_hall,
          kennysheep_generic_room_5
Temple:   nicolae_temple_bog_church

Skill      XL: |  1  2  3  4  5  6  7  8 |
---------------+-------------------------+-----
Fighting       | 3 4 5 |  5.1
Ranged Weapons | 7 8 10 | 10.0
Dodging        | 4 6 |  6.0
Stealth        | |  1.3

Action                     |  1- 3 |  4- 6 |  7- 9 || total
---------------------------+-------+-------+-------++-------
  Melee: Shortbow          |       |     4 |       ||     4
   Fire: Shortbow          |    96 |    92 |   118 ||   306
  Evoke: Wand              |       |     5 |     1 ||     6
    Use: Scroll            |     5 |     6 |     3 ||    14
         Potion            |     1 |     2 |     3 ||     6
 Armour: Leather armour    |    21 |    12 |    21 ||    54
  Dodge: Dodged            |    37 |    32 |    86 ||   155

Table legend: (Time is in decaauts)
 A = Elapsed time spent in this place.
 B = Non-inter-level travel time spent in this place.
 C = Inter-level travel time spent in this place.
 D = Time resting spent in this place.
 E = Time spent auto-exploring this place.
 F = Levels seen in this place.
 G = Mean time per level.
                   A        B        C        D        E       F      G
               +--------+--------+--------+--------+--------+-----+--------+
         Total |   5687 |   5496 |    191 |   1488 |   3391 |   6 |  947.8 |
       Dungeon |   5457 |   5306 |    151 |   1488 |   3221 |   5 | 1091.4 |
        Temple |    229 |    189 |     40 |      0 |    170 |   1 |  229.0 |
               +--------+--------+--------+--------+--------+-----+--------+

Top non-repeatable levels by time:
     D:2: 1136 daAuts
     D:1: 1122 daAuts
     D:5: 1101 daAuts
     D:3: 1070 daAuts
     D:4: 1028 daAuts
  Temple: 229 daAuts
